AoeStats
← peta

Lombardia

509699459Analyzed
2v2 RM · 3d ago on Sep 27, 2026· 51m 16s· 4 players
Game mode
Random Map
Map size
Medium (4 player)
Population
200
Speed
Normal
Resources
Standard
Victory
Conquest
Starting age
Dark Age
Ending age
Imperial Age
RankedLock teamsTeams togetherTeam positionsShared explorationLock speedFull tech treeHidden civsTurbo modeCheats
Victory
Defeat
🇧🇷 Franks · Brazil
1072
+17
🇧🇷 Tatars · Brazil
1066
+17
🇨🇭 Franks · Switzerland
1100
-17
🇫🇷 Mongols · France
1098
-17
Titus Pullo
6:35 Loom
9:44 Feudal Age
11:47 Double-Bit Axe
18:26 Wheelbarrow
23:31 Castle Age
22:47 Scale Barding Armor
22:54 Forging
24:19 Husbandry
26:16 Chain Barding Armor
26:31 Iron Casting
37:29 Imperial Age
37:20 Fletching
37:56 Cavalier
39:22 Gold Mining
43:05 Paladin
45:57 Plate Barding Armor
47:57 Blast Furnace
46:56 Bodkin Arrow
47:15 Light Cavalry
kaitosama
6:59 Loom
9:48 Feudal Age
21:56 Castle Age
20:25 Fletching
21:16 Double-Bit Axe
22:26 Bloodlines
22:49 Bow Saw
22:36 Bodkin Arrow
22:47 Husbandry
30:22 Wheelbarrow
30:10 Town Watch
32:28 Padded Archer Armor
38:11 Imperial Age
37:12 Ballistics
36:58 Horse Collar
37:56 Leather Archer Armor
37:13 Elite Skirmisher
39:00 Bracer
39:41 Heavy Plow
41:53 Chemistry
42:43 Hand Cart
42:00 Heavy Cavalry Archer
44:54 Conscription
45:03 Capped Ram
47:55 Conscription
47:26 Siege Ram
47:34 Light Cavalry
49:22 Timurid Siegecraft
Jamie
6:55 Loom
9:06 Feudal Age
11:31 Double-Bit Axe
19:42 Scale Barding Armor
22:53 Castle Age
21:18 Horse Collar
23:09 Wheelbarrow
22:20 Town Watch
24:51 Bow Saw
25:08 Bloodlines
25:00 Husbandry
25:56 Forging
26:50 Thumb Ring
26:37 Fletching
26:48 Padded Archer Armor
28:03 Gold Mining
30:42 Bodkin Arrow
31:08 Leather Archer Armor
38:21 Ballistics
42:07 Chain Barding Armor
46:09 Imperial Age
43:54 Nomads
45:36 Masonry
47:14 Conscription
47:42 Bracer
49:09 Chemistry
48:56 Light Cavalry
49:23 Elite Mangudai
peta
12:13 Feudal Age
10:29 Loom
16:26 Castle Age
20:27 Forging
20:23 Scale Barding Armor
22:27 Iron Casting
38:48 Imperial Age
36:44 Chain Barding Armor
37:15 Husbandry
39:03 Cavalier
42:16 Blast Furnace
41:52 Plate Barding Armor
45:43 Wheelbarrow
48:06 Double-Bit Axe
47:59 Paladin
Connection lost

Rejoining the realm…

Still unreachable

The connection could not be restored.

Session expired

The server has moved on; the page needs a fresh start.